[Event "XI Continental-ch America 2016"]
[Site "San Salvador"]
[Date "2016.06.04"]
[Round "10"]
[White "Lenderman, Aleksandr"]
[Black "Morovic Fernandez, Ivan"]
[Result "1-0"]
[ECO "E98"]
[WhiteElo "2614"]
[BlackElo "2572"]
[Annotator "ChessBase"]
[PlyCount "123"]
[EventDate "2016.??.??"]
[EventCountry "ESA"]
[Source "ChessBase"]
[TimeControl "40/5400+30:1800+30"]

1. d4 Nf6 2. c4 d6 3. Nc3 g6 4. e4 Bg7 5. Nf3 O-O 6. Be2 e5 7. O-O Nc6 8. d5 Ne7 9. Ne1 Nd7 10. Be3 f5 11. f3 f4 12. Bf2 g5 13. Nd3 Nf6 14. c5 Ng6 15.
Rc1 Rf7 16. Kh1 h5 17. Nb5 a6 18. Na3 Bf8 19. cxd6 Bxd6 20. Nc5 Qe7 21. Ne6 Bxe6 22. dxe6 Rg7 23. Nc4 Kh7 24. Qb3 b6 25. Nxd6 Qxd6 26. Rfd1 Qe7 27. Rc6 a5 28. Be1 Rd8 29. Rdc1 Rd6 30. Qc4 Ne8 31. Bc3 Qf6 32. b4 axb4 33. Bxb4 Rd4 34. Qb5 Nd6 35. Bxd6 cxd6 36. Qxb6 Qxe6 37. R6c4 Rd2 38. R4c2 Rd4 39. Qd8 Qe7 40. Qc8 Qd7 41. Qxd7 Rxd7 42. Kg1 Kh6 43. Bb5 Rg7 44. Be2 Nf8 45. Rd1 Ne6 46. Rc6 Rd7 47. a4 Kg7 48. Ra1 Rd2 49. Bd1 Nc5 50. Rb6 d5 51. exd5 R7xd5 52. Rbb1 R5d3 53. a5 Re3 54. h3 Re1+ 55. Kh2 Rf2 56. Ba4 Ree2 57. Rg1 Nxa4 58. Rxa4 Rxf3 59. a6 g4 60. Kh1 Rg3 61. a7 f3 62. hxg4 1-0

[Event "XI Continental-ch America 2016"]
[Site "San Salvador"]
[Date "2016.06.04"]
[Round "10"]
[White "Liang, Awonder"]
[Black "Mareco, Sandro"]
[Result "0-1"]
[ECO "B42"]
[WhiteElo "2408"]
[BlackElo "2612"]
[Annotator "ChessBase"]
[PlyCount "78"]
[EventDate "2016.??.??"]
[EventCountry "ESA"]
[Source "ChessBase"]
[TimeControl "40/5400+30:1800+30"]

1. e4 c5 2. Nf3 e6 3. d4 cxd4 4. Nxd4 a6 5. Bd3 Bc5 6. Nb3 Be7 7. O-O d6 8. Nc3 Nf6 9. f4 Nc6 10. a4 b6 11. Qe2 Nd7 12. Be3 Bb7 13.
Rad1 O-O 14. e5 dxe5 15. f5 Nb4 16. fxe6 fxe6 17. Bc4 Nd5 18.
Nxd5 exd5 19. Rxd5 Kh8 20. Rxf8+ Bxf8 21. Rd1 Qe8 22. Bd5 Bxd5 23. Rxd5 Nf6 24. Rd1 Qxa4 25. Bxb6 Qc6 26. Bf2 a5 27. c3 a4 28. Nd2 Re8 29. Re1 Bc5 30. Bxc5 Qxc5+ 31. Qf2 Qd5 32. h3 h6 33. Qe3 Rb8 34. Ne4 Rxb2 35. Qf3 a3 36. c4 Qa8 37. Nc3 Qa5 38.
Ra1 Rb3 39. Qf5 Qc5+ 0-1

[Event "XI Continental-ch America 2016"]
[Site "San Salvador"]
[Date "2016.06.04"]
[Round "10"]
[White "Oliva Castaneda, Kevel"]
[Black "Gonzalez Vidal, Yuri"]
[Result "1/2-1/2"]
[ECO "A40"]
[WhiteElo "2500"]
[BlackElo "2555"]
[Annotator "ChessBase"]
[PlyCount "83"]
[EventDate "2016.??.??"]
[EventCountry "ESA"]
[Source "ChessBase"]
[TimeControl "40/5400+30:1800+30"]

1. d4 Nf6 2. c4 e6 3. g3 d5 4. Nf3 Bb4+ 5. Bd2 Be7 6. Bg2 O-O 7. O-O c6 8. Qc2 b6 9. Bf4 Nbd7 10. Rd1 Ba6 11. cxd5 cxd5 12. Ne5 Bb7 13. Nc6 Bxc6 14. Qxc6 Qc8 15. Rc1 Qxc6 16. Rxc6 Rac8 17. Rxc8 Rxc8 18. Nc3 a6 19. Rc1 b5 20. Nd1 Rxc1 21. Bxc1 Nb8 22. e3 Nc6 23. Bf1 Ne4 24. Bd3 f5 25. f3 Nd6 26. b3 Kf7 27. Nf2 g6 28. Be2 Nb4 29. a3 Nc6 30.
Nd3 Nb7 31. Kf2 Bd6 32. Bb2 Nba5 33. Bd1 b4 34. a4 Nb7 35. Be2 a5 36. Ne1 e5 37. Bb5 Nbd8 38. Nd3 e4 39. fxe4 fxe4 40. Nf4 Ne7 41. h3 Ne6 42. Nxe6 1/2-1/2

[Event "XI Continental-ch America 2016"]
[Site "San Salvador"]
[Date "2016.06.04"]
[Round "10"]
[White "Bruzon Batista, Lazaro"]
[Black "Arenas, David"]
[Result "0-1"]
[ECO "B77"]
[WhiteElo "2681"]
[BlackElo "2496"]
[Annotator "ChessBase"]
[PlyCount "54"]
[EventDate "2016.??.??"]
[EventCountry "ESA"]
[Source "ChessBase"]
[TimeControl "40/5400+30:1800+30"]

1. e4 c5 2. Nf3 d6 3. d4 Nf6 4. Nc3 cxd4 5. Nxd4 g6 6. Be3 Bg7 7. f3 O-O 8. Qd2 Nc6 9. Bc4 Bd7 10. h4 Rc8 11. Bb3 h5 12. O-O-O Ne5 13.
Bg5 Rc5 14. Kb1 Re8 15. Rhe1 b5 16. f4 Nc4 17. Bxc4 bxc4 18. e5 Qb6 19. exf6 Rb8 20. Ndb5 exf6 21. Qxd6 Bxb5 22. Qxb6 axb6 23. Ne4 Rc6 24. Nc3 Rc5 25. Ne4 fxg5 26. Nxc5 bxc5 27. fxg5 Bc6 0-1

[Event "XI Continental-ch America 2016"]
[Site "San Salvador"]
[Date "2016.06.04"]
[Round "10"]
[White "Erenburg, Sergey"]
[Black "Cordova, Emilio"]
[Result "0-1"]
[ECO "C03"]
[WhiteElo "2587"]
[BlackElo "2602"]
[Annotator "ChessBase"]
[PlyCount "140"]
[EventDate "2016.??.??"]
[EventCountry "ESA"]
[Source "ChessBase"]
[TimeControl "40/5400+30:1800+30"]

1. e4 e6 2. d4 d5 3. Nd2 Be7 4. Ngf3 Nf6 5. e5 Nfd7 6. Bd3 c5 7. c3 Nc6 8. O-O g5 9. dxc5 Ndxe5 10. Nxe5 Nxe5 11. Nb3 a5 12. f4 Nxd3 13. Qxd3 Qc7 14. fxg5 e5 15. Be3 Be6 16. Rae1 Rg8 17. Rf2 Bxg5 18. Qxh7 O-O-O 19. Bxg5 Rxg5 20. Qh4 Rg4 21. Qh5 Re4 22. Ref1 a4 23. Nd2 Qxc5 24. Nxe4 dxe4 25. Rd1 Rxd1+ 26. Qxd1 e3 27. Re2 Bg4 28. h3 Bxe2 29. Qxe2 a3 30. Kf1 f5 31. bxa3 Qxc3 32. Kg1 Kb8 33. h4 Qc1+ 34. Kh2 Qd2 35. Qb5 Qd4 36. h5 e4 37. h6 e2 38.
Qxe2 Qd6+ 39. Kg1 Qxh6 40. Qb5 Qc1+ 41. Kf2 Qd2+ 42. Kf1 Qd1+ 43. Kf2 Qd4+ 44. Ke2 f4 45. Qe8+ Ka7 46. Qb5 Qe3+ 47. Kf1 Qc1+ 48. Ke2 Qxa3 49. Qd5 Qb4 50. Kd1 Qa4+ 51. Ke1 Qb4+ 52. Kd1 e3 53. Ke2 Qb2+ 54. Kf3 Qf2+ 55. Kg4 Qd2 56. Qc5+ Ka6 57. a4 e2 58. Qb5+ Ka7 59. Qc5+ Kb8 60. Qf8+ Kc7 61. Qc5+ Kd7 62. Qb5+ Kd6 63. Qb6+ Ke5 64. Qc5+ Ke4 65. Qc4+ Ke3 66. Qxf4+ Kd3 67. Qf5+ Kc3 68. Qa5+ Kc2 69. Qf5+ Qd3 70. Qc5+ Kd1 0-1

[Event "XI Continental-ch America 2016"]
[Site "San Salvador"]
[Date "2016.06.04"]
[Round "10"]
[White "Barrientos, Sergio E"]
[Black "Kovalyov, Anton"]
[Result "0-1"]
[ECO "B47"]
[WhiteElo "2460"]
[BlackElo "2602"]
[Annotator "ChessBase"]
[PlyCount "80"]
[EventDate "2016.??.??"]
[EventCountry "ESA"]
[Source "ChessBase"]
[TimeControl "40/5400+30:1800+30"]

1. e4 c5 2. Nf3 e6 3. d4 cxd4 4. Nxd4 Nc6 5. Nc3 Qc7 6. f4 a6 7. Nxc6 bxc6 8. Bd3 d5 9. O-O Nf6 10. Qe2 Be7 11. Kh1 Bb7 12. Bd2 c5 13.
b3 O-O 14. Rae1 c4 15. bxc4 dxe4 16. Nxe4 Nxe4 17. Bxe4 Bxe4 18.
Qxe4 Rac8 19. f5 Qxc4 20. Qe3 Qxa2 21. Bc3 Qa3 22. Ba1 Qxe3 23. Rxe3 Rxc2 24. fxe6 fxe6 25. Rd1 Rd2 26. Rb1 Rdf2 27. Ree1 Bb4 28. Rec1 a5 29. h3 h6 30. Bd4 R2f4 31. Bb6 R8f5 32. Ra1 Kh7 33. Bc7 Re4 34. Rc6 a4 35. g4 Rf3 36. Kg2 Rb3 37. Rxa4 Re2+ 38. Kf1 Rd2 39. Rc1 Ba3 40. Ra1 Rxh3 0-1

[Event "XI Continental-ch America 2016"]
[Site "San Salvador"]
[Date "2016.06.04"]
[Round "10"]
[White "Duran Vega, Sergio"]
[Black "Flores, Diego"]
[Result "1/2-1/2"]
[ECO "A46"]
[WhiteElo "2298"]
[BlackElo "2592"]
[Annotator "ChessBase"]
[PlyCount "160"]
[EventDate "2016.??.??"]
[EventCountry "ESA"]
[Source "ChessBase"]
[TimeControl "40/5400+30:1800+30"]

1. d4 Nf6 2. Nf3 c5 3. c3 e6 4. Bf4 Nc6 5. e3 Be7 6. h3 b6 7. Bd3 Bb7 8. O-O O-O 9. Qe2 cxd4 10.
exd4 d6 11. Nbd2 Re8 12. Bg3 g6 13. Rfe1 Rc8 14. Rad1 Nb8 15.
Ne4 Nxe4 16. Bxe4 Bxe4 17. Qxe4 Nd7 18. Qd3 Qc7 19. Nd2 Nf6 20. Bh4 Nd5 21. Bxe7 Qxe7 22. Nf1 Qd7 23. Ne3 Nf6 24. Ng4 Nxg4 25. hxg4 b5 26. a3 a5 27. Qd2 d5 28. g5 Rc4 29. Re3 b4 30.
axb4 axb4 31. Rh3 Qc7 32. Re1 Rc8 33. Rc1 Ra8 34. Rf3 Ra2 35.
g3 Qa7 36. Kg2 bxc3 37. Rfxc3 Qxd4 38. Qxd4 Rxd4 39. Rc8+ Kg7 40. Rb8 Rc4 41. Rxc4 dxc4 42. Rb4 h6 43. gxh6+ Kxh6 44. Rxc4 Rxb2 45. Rc5 g5 46. g4 Kg6 47. Rc6 Kf6 48. Kg3 Rd2 49. Rc7 Rd3+ 50. f3 Rd2 51. Ra7 Kg6 52. Ra6 Re2 53. Rb6 Kf6 54. Ra6 Rd2 55. Rb6 Ke5 56. Rb5+ Rd5 57. Rb6 Ra5 58. Rc6 f5 59. gxf5 exf5 60. Rg6 Ra1 61. Rxg5 Rg1+ 62. Kh4 Rf1 63. Kg3 Rg1+ 64. Kh4 Ra1 65. Kg3 Rg1+ 66. Kh4 Rh1+ 67. Kg3 Kf6 68. f4 Rg1+ 69. Kf3 Rxg5 70. fxg5+ Kxg5 71. Kg3 f4+ 72. Kf3 Kf5 73. Kf2 Ke4 74. Ke2 f3+ 75. Kf2 Kf4 76. Kf1 Kf5 77. Kf2 Kg4 78. Kf1 Kg3 79. Kg1 f2+ 80. Kf1 Kf3 1/2-1/2

[Event "XI Continental-ch America 2016"]
[Site "San Salvador"]
[Date "2016.06.05"]
[Round "11"]
[White "Kovalyov, Anton"]
[Black "Pichot, Alan"]
[Result "1/2-1/2"]
[ECO "E92"]
[WhiteElo "2602"]
[BlackElo "2532"]
[Annotator "ChessBase"]
[PlyCount "40"]
[EventDate "2016.??.??"]
[EventCountry "ESA"]
[Source "ChessBase"]
[TimeControl "40/5400+30:1800+30"]

1. Nf3 Nf6 2. c4 g6 3. Nc3 Bg7 4. d4 O-O 5. e4 d6 6. Be2 e5 7. Be3 Ng4 8. Bg5 f6 9. Bh4 Nc6 10. O-O g5 11. Bg3 f5 12. exf5 exd4 13.
Nxd4 Nxd4 14. Bxg4 Bxf5 15. h3 Qd7 16. Bh5 Kh8 17. Rc1 Be6 18.
Ne4 Nf5 19. Bh2 h6 20. b3 b6 1/2-1/2

[Event "XI Continental-ch America 2016"]
[Site "San Salvador"]
[Date "2016.06.05"]
[Round "11"]
[White "Arenas, David"]
[Black "Lenderman, Aleksandr"]
[Result "0-1"]
[ECO "C11"]
[WhiteElo "2496"]
[BlackElo "2614"]
[Annotator "ChessBase"]
[PlyCount "64"]
[EventDate "2016.??.??"]
[EventCountry "ESA"]
[Source "ChessBase"]
[TimeControl "40/5400+30:1800+30"]

1. e4 e6 2. d4 d5 3. Nc3 Nf6 4. e5 Nfd7 5. f4 c5 6. Nf3 Be7 7. Be3 O-O 8. Qd2 b6 9. O-O-O Nc6 10. Kb1 c4 11. f5 b5 12. fxe6 fxe6 13.
Nxb5 Rb8 14. Nd6 Bxd6 15. exd6 Nf6 16. Qe1 Qxd6 17. Bc1 Bd7 18. g3 Ne4 19. Bg2 Qa3 20. b3 Qa6 21. Ne5 Nb4 22. a3 Nxc2 23.
Kxc2 Ba4 24. Bxe4 Rxb3 25. Bxh7+ Kxh7 26. Kd2 c3+ 27. Ke3 Bb5 28. Rd3 Bxd3 29. Nxd3 c2 30. Qe2 Qc4 31. Bb2 Kg8 32. Kd2 Rxd3+ 0-1

[Event "XI Continental-ch America 2016"]
[Site "San Salvador"]
[Date "2016.06.05"]
[Round "11"]
[White "Flores, Diego"]
[Black "Oliva Castaneda, Kevel"]
[Result "1-0"]
[ECO "A05"]
[WhiteElo "2592"]
[BlackElo "2500"]
[Annotator "ChessBase"]
[PlyCount "177"]
[EventDate "2016.??.??"]
[EventCountry "ESA"]
[Source "ChessBase"]
[TimeControl "40/5400+30:1800+30"]

1. Nf3 Nf6 2. g3 g6 3. b4 Bg7 4. Bb2 O-O 5. Bg2 d6 6. c4 e5 7. Nc3 c6 8. O-O Re8 9. d3 h6 10. Rc1 Be6 11. Nd2 a6 12. a4 d5 13. a5 Nbd7 14. Na4 Bf8 15. c5 Qc7 16. e4 Rad8 17. Qe2 Bg7 18. Kh1 Nh7 19. Rce1 f5 20. f4 dxe4 21. dxe4 exf4 22. exf5 Bf7 23. Ne4 gxf5 24. Bxg7 fxe4 25. Qb2 f3 26. Bh3 Ne5 27. Bxh6 Bc4 28. Rxe4 Bxf1 29. Bxf1 Rd1 30. Qb3+ Rd5 31. Nc3 Qf7 32. Nxd5 cxd5 33. Rd4 Nf6 34. Bf4 Nc6 35. Rd1 Qh5 36. h4 Qg4 37. Qb2 f2 38. Qxf6 Re1 39. Kg2 Rxd1 40. Kxf2 Rd4 41. Bh6 Nxb4 42. Bg5 Nc6 43. Qg6+ Kf8 44. Bh6+ Ke7 45. Bg5+ Kd7 46. Qf7+ Kc8 47. Qf8+ Kd7 48. Qd6+ Ke8 49. Qg6+ Kd7 50. Qg7+ Kc8 51. Qf8+ Kd7 52. Qf7+ Kc8 53. Bf4 Qd7 54. Qf8+ Nd8 55. c6 Rxf4+ 56. Qxf4 Nxc6 57. h5 Qe7 58. h6 Ne5 59. Qf5+ Kc7 60. h7 Qg7 61. Bh3 Ng6 62. Qc8+ Kd6 63. Qd8+ Ke5 64. Qg5+ Kd6 65. Qxg6+ Qxg6 66. h8=Q Qc2+ 67. Kg1 Qc5+ 68. Kh2 Qxa5 69. Qf8+ Kc6 70. Qc8+ Kd6 71. Qd7+ Kc5 72. Qe7+ Kd4 73. Qg7+ Kc5 74. Bg2 Qd2 75. Qc7+ Kd4 76. Qd6 Qg5 77. Bf3 b5 78. Kh3 Qf5+ 79. Kg2 Qc2+ 80. Kg1 Qb1+ 81. Kf2 Qa2+ 82. Be2 a5 83. Qb6+ Ke5 84. Qb8+ Kf6 85. Qd6+ Kf7 86. Ke3 a4 87. Bh5+ Kg7 88. Qg6+ Kh8 89. Qf6+ 1-0

[Event "XI Continental-ch America 2016"]
[Site "San Salvador"]
[Date "2016.06.05"]
[Round "11"]
[White "Giuseppe, Leiva"]
[Black "Erenburg, Sergey"]
[Result "1/2-1/2"]
[ECO "D26"]
[WhiteElo "2384"]
[BlackElo "2587"]
[Annotator "ChessBase"]
[PlyCount "142"]
[EventDate "2016.??.??"]
[EventCountry "ESA"]
[Source "ChessBase"]
[TimeControl "40/5400+30:1800+30"]

1. d4 d5 2. Nf3 Nf6 3. c4 dxc4 4. e3 e6 5. Bxc4 a6 6. O-O b5 7. Bb3 Bb7 8. a4 b4 9. Nbd2 c5 10. e4 Be7 11. e5 Nfd7 12. Nc4 O-O 13.
Nd6 Bxd6 14. exd6 cxd4 15. Nxd4 Nc5 16. Bd2 a5 17. Nb5 Nbd7 18. Nc7 Rc8 19. Be3 Nxb3 20. Qxb3 Qh4 21. f3 Rfd8 22. Rad1 Qh5 23. Bf2 h6 24. Rfe1 Nf6 25. Qc4 Bd5 26. Qc5 Bb3 27. Qxh5 Nxh5 28. Rd2 Nf6 29. Bb6 Bxa4 30. Bxa5 b3 31. Ra1 Bc6 32. Ra3 Rd7 33. Rxb3 Nd5 34. Nxd5 Bxd5 35. Rb6 f6 36. Kf2 Kf7 37. Ra6 Bc4 38. Rb6 Bd5 39. Bb4 Ra7 40. Rb5 Ke8 41. Bc5 Bc4 42. Ra5 Rb7 43. b4 Kd7 44. Rd1 Rcb8 45. Rda1 Bd5 46. Ra7 Rxa7 47. Rxa7+ Rb7 48. Ra5 e5 49. Ke3 Rb8 50. Kd3 Ra8 51. Rxa8 Bxa8 52. Kc4 e4 53. fxe4 Bxe4 54. g3 Bf3 55. Kb5 Be2+ 56. Kb6 g5 57. b5 f5 58. Bb4 f4 59. gxf4 gxf4 60. Kc5 f3 61. Be1 h5 62. Bg3 Bd3 63.
Bf2 Be2 64. b6 Ba6 65. Kd5 Bb7+ 66. Ke5 Bc6 67. Kf5 Kxd6 68. Kg5 Be8 69. Kf4 Bc6 70. h4 Bd5 71. Kg5 Bf7
1/2-1/2

[Event "XI Continental-ch America 2016"]
[Site "San Salvador"]
[Date "2016.06.05"]
[Round "11"]
[White "Ortiz Suarez, Isan Reynaldo"]
[Black "Winston, Cu Hor"]
[Result "0-1"]
[ECO "B96"]
[WhiteElo "2578"]
[BlackElo "2305"]
[Annotator "ChessBase"]
[PlyCount "67"]
[EventDate "2016.??.??"]
[EventCountry "ESA"]
[Source "ChessBase"]
[TimeControl "40/5400+30:1800+30"]

1. e4 c5 2. Nf3 d6 3. d4 Nf6 4. Nc3 cxd4 5. Nxd4 a6 6. Bg5 e6 7. f4 Qc7 8. Bxf6 gxf6 9. Qd3 b5 10. Be2 b4 11. Nd1 Nd7 12. Bh5 Nc5 13.
Qe3 Bh6 14. O-O e5 15. Ne2 Ne6 16. Qf2 Nxf4 17. Nxf4 exf4 18. Ne3 Be6 19. Nf5 Bxf5 20. exf5 O-O 21. Bf3 Rac8 22. Qh4 Kg7 23. Qg4+ Bg5 24. h4 h5 25. Qh3 Bh6 26. Rf2 Qa7 27. Kf1 Qd4 28. Bxh5 Qxb2 29. Qg4+ Kh8 30. Qd1 Qe5 31. Rb1 a5 32. Rb3 Rc4 33. Rd3 f3 34. g4 0-1

[Event "XI Continental-ch America 2016"]
[Site "San Salvador"]
[Date "2016.06.05"]
[Round "11"]
[White "Morovic Fernandez, Ivan"]
[Black "Duran Vega, Sergio"]
[Result "1-0"]
[ECO "C43"]
[WhiteElo "2572"]
[BlackElo "2298"]
[Annotator "ChessBase"]
[PlyCount "101"]
[EventDate "2016.??.??"]
[EventCountry "ESA"]
[Source "ChessBase"]
[TimeControl "40/5400+30:1800+30"]

1. e4 e5 2. Nf3 Nf6 3. d4 Nxe4 4. Bd3 d5 5. dxe5 Nc5 6.
Be2 Be7 7. O-O c6 8. c4 dxc4 9. Qxd8+ Bxd8 10. Bxc4 Be6 11. Be2 Bc7 12. Nc3 Ncd7 13. Bf4 Bg4 14. Rfe1 Bxf3 15. Bxf3 Nc5 16. Rad1 Ne6 17. Bg3 Nd7 18. Bg4 h5 19. Bxe6 fxe6 20. Ne4 O-O-O 21. h4 Nb6 22. Nd6+ Bxd6 23. exd6 Kd7 24. Re5 g6 25. Rd3 Nd5 26. Rg5 Rdg8 27. Be5 Rh7 28. Rdg3 Rh6 29. Rf3 Rh7 30. a4 b6 31. a5 c5 32. axb6 axb6 33. Rfg3 Rh6 34. Ra3 Kc6 35. Ra7 b5 36. Rf7 c4 37.
Kf1 b4 38. Ke2 Rd8 39. Kd2 c3+ 40. bxc3 bxc3+ 41. Kd3 Rd7 42. Rxd7 Kxd7 43. g3 Ke8 44. Bg7 Rh7 45. Bxc3 Rb7 46. Bd4 Kf7 47. Kc4 Rb1 48. d7 Ke7 49. Rxg6 Kxd7 50. Rg5 Rc1+ 51. Kd3 1-0

[Event "XI Continental-ch America 2016"]
[Site "San Salvador"]
[Date "2016.06.05"]
[Round "11"]
[White "Mareco, Sandro"]
[Black "Cordova, Emilio"]
[Result "1/2-1/2"]
[ECO "E15"]
[WhiteElo "2612"]
[BlackElo "2602"]
[Annotator "ChessBase"]
[PlyCount "59"]
[EventDate "2016.??.??"]
[EventCountry "ESA"]
[Source "ChessBase"]
[TimeControl "40/5400+30:1800+30"]

1. d4 e6 2. c4 Nf6 3. Nf3 b6 4. g3 Ba6 5. Qc2 Bb7 6. Bg2 Bb4+ 7. Bd2 a5 8.
O-O Na6 9. Bf4 Bd6 10. Bxd6 cxd6 11. Nc3 d5 12. Nd2 O-O 13. Rac1 Rc8 14. Qd1 Nc7 15. Na4 b5 16. cxb5 Nxb5 17. Rxc8 Qxc8 18. e3 Nd6 19. Nc5 Bc6 20. Qc2 Qa8 21. b3 Rb8 22. Rc1 Nfe4 23. Nf3 Nxc5 24. dxc5 Nb5 25. Ne5 a4 26. b4 a3 27. Rb1 Nc7 28. e4 Ba4 29. Qc3 f6 30.
Ng4 1/2-1/2

[Event "XI Continental-ch America 2016"]
[Site "San Salvador"]
[Date "2016.06.05"]
[Round "11"]
[White "Gonzalez Vidal, Yuri"]
[Black "Barrientos, Sergio E"]
[Result "1/2-1/2"]
[ECO "A17"]
[WhiteElo "2555"]
[BlackElo "2460"]
[Annotator "ChessBase"]
[PlyCount "93"]
[EventDate "2016.??.??"]
[EventCountry "ESA"]
[Source "ChessBase"]
[TimeControl "40/5400+30:1800+30"]

1. Nf3 Nf6 2. c4 e6 3. Nc3 Bb4 4. Qc2 c5 5. a3 Ba5 6. g4 d5 7. g5 Nh5 8. cxd5 O-O 9. d6 Bxc3 10. dxc3 Qxd6 11. Be3 b6 12. Nd2 Bb7 13. Ne4 Qe5 14. Bg2 Nc6 15. O-O Ne7 16. Nf6+ Nxf6 17. gxf6 Nd5 18. Bc1 Rab8 19. fxg7 Qxg7 20. e4 Ne7 21. Kh1 Ng6 22. f3 f5 23. Be3 Rf7 24. b4 cxb4 25. axb4 Rc8 26. exf5 exf5 27. Rxa7 Rxc3 28. Qf2 Rd3 29. Bxb6 Qc3 30. Qc5 Qxc5 31. Bxc5 Nf4 32. Re1 Nxg2 33. Re8+ Kg7 34. Kxg2 Bxf3+ 35. Kf2 Rxa7 36. Bxa7 Be4 37. Bb8 Kg6 38. Rf8 Rb3 39. Bd6 Kg5 40. Be7+ Kh5 41. Bd6 Rd3 42. Bc7 Rb3 43. Bd6 Kh4 44. Ke2 h5 45. Rg8 Bf3+ 46. Kd2 Be4 47. Ke2 1/2-1/2